 Dungeon Crawl Stone Soup version 0.26.0-45-g9c1d065592 (webtiles) character file.

Game seed: 15599619827255635912

(classic levelgen) 247 thiole the Stinger (level 6, 0/36 HPs)
             Began as an Octopode Venom Mage on Jan 30, 2021.
             Slain by an orc wizard
             ... wielding a +0 dagger
              (2 damage)
             ... on level 3 of the Dungeon.
             The game lasted 00:05:49 (3098 turns).

thiole the Stinger (Octopode Venom Mage)            Turns: 3098, Time: 00:05:49

Health: 0/36       AC:  1    Str:  7    XL:     6   Next: 11%
Magic:  3/11       EV: 13    Int: 19    God:
Gold:   109        SH:  0    Dex: 13    Spells: 11/12 levels left

rFire    . . .     SeeInvis .   j - +2 spear (vorpal)
rCold    . . .     Faith    .   (no shield)
rNeg     . . .     Spirit   .   (helmet restricted)
rPois    .         Reflect  .   (no amulet)
rElec    .         Harm     .   (no ring)
rCorr    .         Rampage  .   (no ring)
Will     .....                  (no ring)
Stlth    +++.......             (no ring)
HPRegen  0.12/turn              (no ring)
MPRegen  0.12/turn              (no ring)
                                (no ring)
                                (no ring)

@: no status effects
A: almost no armour, stealthy swim, amphibious, 8 rings, constrict 8, camouflage
1, gelatinous body 1
a: no special abilities


You were on level 3 of the Dungeon.
You visited 1 branch of the dungeon, and saw 3 of its levels.

You collected 109 gold pieces.

Inventory:

Hand Weapons
 j - a +2 vorpal spear (weapon)
Missiles
 e - 5 curare-tipped darts
 k - 44 stones
Scrolls
 a - 2 scrolls of random uselessness {unknown}
 b - 3 scrolls of teleportation {unknown}
 d - 2 scrolls of amnesia {unknown}
 g - a scroll of fog {unknown}
 i - a scroll of identify {unknown}
Potions
 c - a potion of lignification
 f - a potion of mutation {unknown}
 h - a potion of curing {unknown}
 l - a potion of brilliance {unknown}
 m - 2 potions of ambrosia {unknown}


   Skills:
 - Level 2.0 Dodging
 - Level 2.6 Stealth
 + Level 3.8 Spellcasting
 - Level 2.0 Conjurations
 - Level 2.0 Transmutations
 - Level 2.0 Fire Magic
 - Level 2.0 Air Magic
 - Level 4.0 Poison Magic


You had 11 spell levels left.
You knew the following spells:

 Your Spells              Type           Power        Failure   Level
a - Sting                 Tmut/Pois      60%          4%          1

Your spell library contained the following spells:

 Spells                   Type           Power        Failure   Level
 Poisonous Vapours        Pois/Air       30%          6%          2
 Ignite Poison            Fire/Tmut/Pois 13%          14%         3
 Mephitic Cloud           Conj/Pois/Air  13%          14%         3
 Olgreb's Toxic Radiance  Pois           18%          26%         4


Dungeon Overview and Level Annotations

Branches:
Dungeon (3/15)

Altars:
Dithmenos


Innate Abilities, Weirdness & Mutations

You cannot wear most types of armour.
You are very stealthy in the water. (Stealth+)
You are amphibious.
You can wear up to eight rings at the same time.
You can use your tentacles to constrict eight enemies at once.
Your skin changes colour to match your surroundings (Stealth+).
Your rubbery body absorbs attacks. (AC +1, EV +1)


Message History

The sting misses the orc wizard.
The orc wizard misses you.
Casting: Sting (safe; 4% risk of failure)
Confirm with . or Enter, or press ? or * to list all spells.
Aiming: Sting (safe; 4% risk of failure)
Press: ? - help, Shift-Dir - straight line, f/p - orc wizard
Aim: an orc wizard, wielding a +0 dagger and wearing a +0 robe (fast, 33% to evade)
The sting hits the orc wizard but does no damage.
The orc wizard is poisoned.
The orc wizard hits you with a +0 dagger.
* * * LOW HITPOINT WARNING * * *
Casting: Sting (safe; 4% risk of failure)
Confirm with . or Enter, or press ? or * to list all spells.
Aiming: Sting (safe; 4% risk of failure)
Press: ? - help, Shift-Dir - straight line, f/p - orc wizard
Aim: an orc wizard, wielding a +0 dagger and wearing a +0 robe (lightly wounded, fast, poisoned, 33% to evade)
The sting hits the orc wizard but does no damage.
The orc wizard looks even sicker.
The orc wizard is lightly wounded.
The orc wizard hits you with a +0 dagger.
You die...

#.).........................
#<..÷..............##########
#....................# ...
#..................##.# ##.#.
##.#.....##........##.###.....
#..#######........†........#
##. #......#............## #.
#.............#...#.# ##.
....#.@###.....### .# #
..#....og......#### .
.......####.#.#§$).# . .......
...#.#..#†####.
......>.......##g#....#.
..........(........##(..
.........####.......)...
....($... ...#.......o ...
......##....


You could see an orc wizard (fast, very poisoned) and a hobgoblin.

Vanquished Creatures
  Natasha (thrice) (D:2)
  An orc wizard (D:3)
  4 gnolls (D:2)
  4 adders
  An ooze (D:2)
  3 worms
  2 leopard geckos
  An orc (D:3)
  A bat (D:2)
  3 giant cockroaches
  8 goblins
  8 hobgoblins
  4 jackals (D:2)
  11 kobolds
  A ball python (D:1)
  2 frilled lizards
  5 rats
62 creatures vanquished.

Notes
Turn   | Place    | Note
-------+----------+-------------------------------------------
     0 | D:1      | thiole the Octopode Venom Mage began the quest for the Orb.
     0 | D:1      | Reached XP level 1. HP: 11/11 MP: 3/3
   192 | D:1      | Reached XP level 2. HP: 17/17 MP: 3/5
   927 | D:2      | Reached skill level 1 in Conjurations
   927 | D:2      | Reached skill level 1 in Fire Magic
   927 | D:2      | Reached skill level 1 in Air Magic
   927 | D:2      | Reached skill level 4 in Poison Magic
   927 | D:2      | Reached XP level 3. HP: 19/21 MP: 2/6
  1061 | D:2      | Found a shadowy altar of Dithmenos.
  1314 | D:2      | Reached XP level 4. HP: 16/27 MP: 1/7
  1631 | D:2      | Noticed Natasha
  1660 | D:2      | Killed Natasha
  2001 | D:2      | Reached XP level 5. HP: 26/31 MP: 8/8
  2378 | D:2      | Noticed Natasha
  2391 | D:2      | Killed Natasha
  2503 | D:2      | Noticed Natasha
  2510 | D:2      | Killed Natasha
  3065 | D:3      | Reached XP level 6. HP: 10/36 MP: 4/11
  3098 | D:3      | Slain by an orc wizard

Illustrated notes

Levels and vault maps discovered:
D:1:      evilmike_arrival_crescent, layout_basic,
          chequers_serial_rivers_micro_d, minmay_tromino_v7
D:2:      layout_loops_cross, lemuel_crystal_altar, minmay_increasing_density,
          uniq_natasha
D:3:      layout_rooms, chequers_temple_overflow_statue_of_worship

Skill      XL: |  1  2  3  4  5 |
---------------+----------------+-----
Conjurations   | 1 2 |  2.0
Fire Magic     | 1 2 |  2.0
Air Magic      | 1 2 |  2.0
Poison Magic   | 4 |  4.0
Transmutations | 2 |  2.0
Spellcasting   | 3 |  3.8
Dodging        | |  2.0
Stealth        | |  2.6

Action                   |  1- 3 |  4- 6 || total
-------------------------+-------+-------++-------
Melee: Unarmed           |    14 |     4 ||    18
       Constrict         |     6 |    10 ||    16
       Tentacles         |     4 |     3 ||     7
       Spear             |       |    58 ||    58
 Cast: Sting             |    48 |    67 ||   115
  Use: Potion            |       |     1 ||     1
 Stab: Sleeping          |       |     1 ||     1
Armor: Skin              |     3 |    62 ||    65
Dodge: Dodged            |    15 |    74 ||    89
